 Dungeon Crawl Stone Soup version 0.27.1-35-g4d5d836560 (webtiles) character file.

Game seed: 6484775132464116226

358 a3don the Skirmisher (level 6, -7/52 HPs)
             Began as a Demigod Fighter on Mar 9, 2022.
             Killed by divine providence
             ... invoked by an orc priest
              (11 damage)
             ... on level 4 of the Dungeon.
             The game lasted 00:03:29 (4172 turns).

a3don the Skirmisher (Demigod Fighter)              Turns: 4172, Time: 00:03:30

Health: -7/52      AC:  7    Str: 21    XL:     6   Next: 14%
Magic:  8/8        EV:  7    Int: 14    God:
Gold:   170        SH:  9    Dex: 13    Spells: 2/5 levels left

rFire    . . .     SeeInvis .   a - +0 war axe
rCold    . . .     Faith    .   c - +0 kite shield
rNeg     . . .     Spirit   .   b - +0 scale mail
rPois    .         Reflect  .   (no helmet)
rElec    .         Harm     .   (no cloak)
rCorr    .         Rampage  .   (no gloves)
Will     .....                  (no boots)
Stlth    ..........             (no amulet)
HPRegen  0.17/turn              (no ring)
MPRegen  0.11/turn              (no ring)

@: no status effects
A: high mp 1, forlorn
a: no special abilities


You were on level 4 of the Dungeon.
You visited 1 branch of the dungeon, and saw 4 of its levels.

You collected 170 gold pieces.

Inventory:

Hand Weapons
 a - a +0 war axe (weapon)
Missiles
 m - 7 poisoned darts (quivered)
Armour
 b - a +0 scale mail (worn)
 c - a +0 kite shield (worn)
Magical Staves
 h - a staff of air
 o - a staff of earth
Jewellery
 l - a ring of ice
Scrolls
 f - a scroll of immolation {unknown}
 g - a scroll of fear {unknown}
 i - 2 scrolls of identify {unknown}
 k - a scroll of blinking {unknown}
 n - a scroll of fog {unknown}
Potions
 d - a potion of might
 e - 3 potions of curing {unknown}
 j - a potion of heal wounds {unknown}
 p - a potion of flight {unknown}


   Skills:
 + Level 4.1 Fighting
 + Level 3.3 Axes
 + Level 4.0 Armour
 + Level 3.9 Shields
 + Level 0.1 Spellcasting
 + Level 0.0 Conjurations
 + Level 0.0 Air Magic
 + Level 0.0 Poison Magic


You had 2 spell levels left.
You knew the following spells:

 Your Spells              Type           Power      Damage    Failure   Level
a - Mephitic Cloud        Conj/Pois/Air  0%         N/A       100%        3

Your spell library contained the following spells:

 Spells                   Type           Power      Damage    Failure   Level
 Magic Dart               Conj           0%         1d3       97%         1
 Call Imp                 Summ           0%         N/A       99%         2
 Dazzling Flash           Conj/Hex       0%         N/A       100%        3
 Iskenderun's Mystic Bla  Conj/Tloc      0%         2d3       100%        4
 Starburst                Conj/Fire      0%         6d3       100%        6


Dungeon Overview and Level Annotations

Branches:
Dungeon (4/15)
 Temple: D:4-7

Annotations:
D:4 3 runed translucent doors, Sharkman1231's ghost, amateur DsEE


Innate Abilities, Weirdness & Mutations

Your attributes grow dramatically as you level up.
You have an increased reservoir of magic. (+10% MP)
You shall have no god before yourself.


Message History

You are too injured to fight recklessly!
Unknown command.
You slash the orc!
You kill the orc!
You hit the orc but do no damage. The orc hits you but does no damage.
You block the orc priest's attack.
You hit the orc priest.
The orc priest is moderately wounded.
You hit the orc. You block the orc's attack.
The orc priest hits you with a +0 hand axe.
The orc hits you with a +0 falchion.
You hit the orc priest but do no damage.
The orc priest is moderately wounded.
You slash the orc!
You kill the orc!
You block the orc priest's attack.
The bullfrog skeleton closely misses you.
The orc priest hits you with a +0 hand axe.
* * * LOW HITPOINT WARNING * * *
You hit the orc priest.
The orc priest is severely wounded.
You slash the bullfrog skeleton! The bullfrog skeleton hits you.
* * * LOW HITPOINT WARNING * * *
The orc priest barely misses you.
You block the bullfrog skeleton's attack.
Unknown command.
You hit the orc priest.
The orc priest is almost dead.
You hit the bullfrog skeleton.
The bullfrog skeleton hits you but does no damage.
The orc priest looks encouraged for a moment.
The bullfrog skeleton hits you but does no damage.
The orc priest hits you but does no damage.
You barely miss the orc priest.
The orc priest is severely wounded.
You barely miss the bullfrog skeleton. The bullfrog skeleton hits you.
* * * LOW HITPOINT WARNING * * *
The orc priest invokes the aid of Beogh against you.
Beogh smites you!
You die...

#..#.##.........#..#.
#..................##
##...........8.....##
#####.####............
#.......##......8.#.##
#.###.#.###########...
#..#.# #### #.##.##.#
# #....@o.# #
#..§PZ##....... #
#.§§P§§
........#######
#.8§§##
..............> #.§§P
.#.....######## ###§.
###...# # ## #### # #
#


You could see an orc priest and a bullfrog skeleton.

Vanquished Creatures
  A crimson imp (D:3)
  A bullfrog zombie (D:4)
  A jelly (D:4)
  A bullfrog skeleton (D:4)
  A hound (D:4)
  A scorpion zombie (D:4)
  A centaur skeleton (D:2)
  A hound skeleton (D:4)
  4 adders
  An adder zombie (D:4)
  4 worms
  5 dart slugs
  7 orcs
  10 ball pythons
  8 endoplasms
  6 giant cockroaches
  3 goblins
  9 hobgoblins
  6 kobolds
  A quokka (D:2)
  7 bats
  4 frilled lizards
  A jackal skeleton (D:4)
  2 rats
86 creatures vanquished.

Vanquished Creatures (others)
  4 fungi (D:4)
  A withered plant (D:4)
5 creatures vanquished.

Grand Total: 91 creatures vanquished

Notes
Turn   | Place    | Note
-------+----------+-------------------------------------------
     0 | D:1      | a3don the Demigod Fighter began the quest for the Orb.
     0 | D:1      | Reached XP level 1. HP: 18/18 MP: 3/3
   269 | D:1      | Reached XP level 2. HP: 22/25 MP: 4/4
  1214 | D:1      | Reached XP level 3. HP: 30/31 MP: 5/5
  1597 | D:2      | Reached XP level 4. HP: 36/38 MP: 6/6
  2852 | D:3      | Reached XP level 5. HP: 30/45 MP: 7/7
  3719 | D:4      | Found a runed translucent gate.
  3720 | D:4      | Found a runed translucent gate.
  3721 | D:4      | Found a runed translucent gate.
  3721 | D:4      | Noticed Sharkman1231's ghost (amateur DsEE)
  4028 | D:4      | Reached XP level 6. HP: 36/52 MP: 8/8
  4157 | D:4      | Learned a level 3 spell: Mephitic Cloud
  4172 | D:4      | Killed from afar by an orc priest

Illustrated notes

Levels and vault maps discovered:
D:1:      dpeg_arrival_circle_labyrinth_a, layout_loops_ring
D:2:      layout_rooms, basic_altar
D:3:      layout_rooms, grunt_temple_overflow_champion_of_chaos,
          nicolae_dithmenos_shadow_blocks, lemuel_crystal_altar, minmay_circle_x
D:4:      layout_loops_cross, grunt_gozag_statues,
          gammafunk_ghost_nasty_kobolds, serial_undead, serial_undead_c,
          serial_undead_f, serial_undead_b, serial_undead_e,
          grunt_decor_arrowhead

Skill      XL: |  1  2  3  4  5 |
---------------+----------------+-----
Armour         | 3 4 |  4.0
Axes           | 2 3 |  3.3
Fighting       | 3 4 |  4.1
Shields        | 3 |  3.9
Spellcasting   | |  0.1

Action                   |  1- 3 |  4- 6 || total
-------------------------+-------+-------++-------
Melee: War axe           |   103 |   169 ||   272
Armor: Scale mail        |    51 |    83 ||   134
Dodge: Dodged            |    27 |    54 ||    81
Block: Kite shield       |    59 |    99 ||   158
